Cogmind - Beta 15 @@@ ROGUE MODE // 2025.05.12 @ 20:37:22 Player: amhuman Result: Destroyed by H-66 Slayer with Gauss Rifle Performance ------------- Evolutions (5) 2500 Regions Visited (6) 1200 Robots Destroyed (46) 230 Value Destroyed (1879) 1879 Prototype IDs (9) 180 Alien Tech Used (0) 0 Bonus (959) 959 TOTAL SCORE: 6948 Bonus ------- High Alert Combat Kills 163 Follower Combat Kills 7 Registered with UFD 300 Met Optimus in HQ 500 Friendly Fire -11 Cogmind --------- Core Integrity 0/1000 Matter 49/300 Energy 96/100 System Corruption 19% Temperature Cool (0) Movement Core (50) Location -5/Factory Parts ------- > --- POWER (1) -------- (None) > --- PROPULSION (4) --- (None) > --- UTILITY (9) ------ Hacking Suite Hacking Suite > --- WEAPON (3) ------- (None) > --- INVENTORY (5) ---- Scrap Suit Scrap Suit Heavy Machine Gun Peak State ------------ > --- POWER ------------ Neutrino Core > --- PROPULSION ------- Wheel Wheel Armored Huge Wheel > --- UTILITY ---------- Advanced Heat Sink Huge Storage Unit Improved Energy Well Improved Targeting Computer Heavy Reflective Plating Hacking Suite System Shield Advanced System Shield > --- WEAPON ----------- Phase Cannon Cooled Plasma Cannon Subdweller Machine Gun > --- INVENTORY -------- Scrap Suit Scrap Suit Cryofiber Web IFF Parser Remote Force Field Authchip [R/Combat] Authchip [R/Combat] Authchip [R/Combat] Authchip [Weapon] A0-MCA's Component Scanner Heavy Laser Beam Cannon Beam Cannon Subdweller Beam Cannon Overtuned Barrage Gun Overtuned Barrage Gun Heavy Machine Gun Battle Cannon Enhanced Gauss Cannon Mini Grenade Launcher Improved Remote Datajack Spear DRS Beacon [Rating: 76] Favorites ----------- Power Light Angular Momentum Engine Engine Light Angular Momentum Engine Power Core Light Nuclear Core Propulsion Armored Huge Wheel Treads Light Treads Wheel Armored Huge Wheel Utility Huge Storage Unit Device Recalibrator Storage Huge Storage Unit Processor Targeting Computer Hackware Hacking Suite Protection Light Armor Plating Weapon Light Cannon Energy Gun EM Pulse Gun Energy Cannon Cooled Plasma Cannon Ballistic Gun Subdweller Machine Gun Ballistic Cannon Light Cannon Launcher Mini Grenade Launcher Special Weapon Mining Laser Piercing Weapon Spear Build | -11 -10 -10 -10 -7 -7 -5 ------- Run | Yrd Mat Min Sub Rec Scr Fac Slots Evolved 10 | . . . . . . 10 Power . | . . . . . . . Propulsion 2 | . . . . . . 2 Utility 7 | . . . . . . 7 Weapon 1 | . . . . . . 1 Parts Attached 53 | 6 6 2 11 1 1 26 Power 6 | 1 2 . 2 . . 1 Engine 4 | 1 1 . 2 . . . Core 2 | . 1 . . . . 1 Reactor . | . . . . . . . Propulsion 16 | 2 . 2 4 . 1 7 Treads 2 | 2 . . . . . . Leg . | . . . . . . . Wheel 14 | . . 2 4 . 1 7 Hover . | . . . . . . . Flight . | . . . . . . . Utility 16 | 1 1 . 2 1 . 11 Device 4 | . . . . 1 . 3 Storage 3 | 1 . . 1 . . 1 Processor 2 | . 1 . . . . 1 Hackware 4 | . . . . . . 4 Protection 3 | . . . 1 . . 2 Artifact . | . . . . . . . Weapon 15 | 2 3 . 3 . . 7 Energy Gun 1 | 1 . . . . . . Energy Cannon 3 | . . . 1 . . 2 Ballistic Gun 3 | 1 . . 1 . . 1 Ballistic Cannon 4 | . 2 . . . . 2 Launcher 2 | . . . 1 . . 1 Special Weapon 1 | . 1 . . . . . Impact Weapon . | . . . . . . . Slashing Weapon . | . . . . . . . Piercing Weapon 1 | . . . . . . 1 Special Melee Weapon . | . . . . . . . Unidentified Prototypes 3 | . . . . . . 3 Parts Lost 32 | . 5 . 7 . . 20 Power 5 | . 2 . 2 . . 1 Propulsion 10 | . 1 . 1 . . 8 Utility 8 | . . . 1 . . 7 Weapon 9 | . 2 . 3 . . 4 Highest Loss Streak 15 | . 3 . 4 . . 15 To Critical Strikes 1 | . . . . . . 1 Average Backups 16 | 2 5 7 11 19 20 20 Power . | . . . . 1 . . Propulsion . | 1 2 1 . 2 . . Utility 7 | . . 1 5 9 10 9 Weapon 6 | . 1 4 4 6 7 10 Tool/Special . | . . . . . . . Unused Backups 30 | . . . 1 . 12 17 Power 1 | . . . . . 1 . Propulsion 1 | . . . . . 1 . Utility 15 | . . . . . 6 9 Weapon 10 | . . . 1 . 3 6 Tool/Special 3 | . . . . . 1 2 Average Slot Usage (%) 85 | . 93 92 97 100 86 66 Engine 7 | . 6 . 9 14 11 2 Core 2 | . 7 14 1 . . 2 Treads 4 | . 26 7 . . . . Wheel 14 | . . 13 27 28 17 8 Device 7 | . . . . 12 14 4 Storage 12 | . 14 14 14 14 14 8 Processor 3 | . 10 14 4 . . 1 Hackware 2 | . . . . . . 12 Protection 2 | . . . 9 1 . 6 Energy Cannon 2 | . . . 7 . . 7 Ballistic Gun 8 | . 2 . 6 14 14 4 Ballistic Cannon 12 | . 21 14 12 14 14 1 Special Weapon 1 | . . 14 . . . . Peak Build Rating 76 | 6 9 9 17 22 29 76 Average Rating 26 | 4 7 8 12 20 24 57 On Entrance 13 | . 6 8 9 17 22 29 Naked Turns . | . . . . . . . Heaviest Build 137 | 12 16 14 99 99 97 137 Greatest Support 56 | 40 40 20 40 40 40 56 Greatest Overweight (x) 8 | . . 1 8 2 4 5 Average Overweight (x) 2 | . . . 1 2 2 2 Largest Inventory Capacity 25 | 8 8 8 25 25 25 25 Average Capacity 19 | 6 8 8 21 25 24 23 Most Carried 25 | 5 7 8 20 25 25 25 Average Carried 17 | 2 5 7 13 21 22 23 Final Capacity 25 | 8 8 8 25 25 25 5 Final Carried 25 | 4 7 8 20 25 25 5 Class Distribution -------------------- 60% | Mutant 22% | Scavenger-Mutant 6% | Hacker-Tank 4% | Hacker-Gunner 3% | Tank Dominant Class ---------------- Mutant | -10/Materials Mutant | -10/Mines Mutant | -10/Subcaves Scavenger-Mutant | -7/Recycling Mutant | -7/Scraptown Hacker-Tank | -5/Factory Resources | -11 -10 -10 -10 -7 -7 -5 ----------- Run | Yrd Mat Min Sub Rec Scr Fac Matter Collected 1133 | 198 145 162 240 20 58 310 Remotely . | . . . . . . . Salvage Created 1325 | . 349 13 96 61 . 806 Parts 68 | . 22 3 7 5 . 31 Haulers Intercepted 1 | . 1 . . . . . Recyclers Shooed 1 | . . . . . . 1 Parts Field Recycled . | . . . . . . . Retrieved Matter . | . . . . . . . Parts Self-Destructed 6 | . . . 6 . . . Prevented . | . . . . . . . Kills | -11 -10 -10 -10 -7 -7 -5 ------- Run | Yrd Mat Min Sub Rec Scr Fac Combat Hostiles Destroyed 37 | . 9 2 4 1 . 21 Guns 5 | . 3 . . 1 . 1 Cannons 14 | . 6 2 2 . . 4 AOE 17 | . . . 2 . . 15 Classes Destroyed 10 | . 2 1 1 1 . 5 Worker 4 | . . . . . . 4 Builder 2 | . . . . . . 2 Hauler 1 | . 1 . . . . . Operator 2 | . . . . . . 2 Swarmer 4 | . . 2 2 . . . Grunt 27 | . 9 . . . . 18 Brawler 1 | . . . . . . 1 Sentry 2 | . . . . 1 . 1 Hunter 1 | . . . . . . 1 Subdweller 2 | . . . 2 . . . Best Kill Streak 9 | . 2 2 2 1 . 9 Combat Bots Only 5 | . 2 2 2 1 . 5 Max Kills in Single Turn 7 | . 1 1 2 1 . 7 Gunslinging . | . . . . . . . Exploded 3 | . . . 2 . . 3 Melee . | . . . . . . . Uniques/NPCs Destroyed . | . . . . . . . Combat | -11 -10 -10 -10 -7 -7 -5 -------- Run | Yrd Mat Min Sub Rec Scr Fac Hostile Shots Fired 463 | . 81 21 51 42 4 264 Missed 159 | . 18 4 19 21 . 97 Hits 304 | . 63 17 32 21 4 167 Melee 8 | . . . . . 4 4 Projectile 296 | . 63 17 32 21 . 163 Critical Strikes 14 | . 1 . 1 . . 12 Damage Taken 4688 | . 772 136 428 157 12 3183 Core 1213 | . 118 16 27 40 . 1012 Absorbed by Shields 86 | . . . . . . 86 Ignored by Resistances 111 | . . . . . . 111 Core Remaining (%) 59 | 100 . . . . 19 . Volleys Fired 119 | . 42 9 15 3 . 50 Largest 3 | . 2 2 2 2 . 3 Hottest 220 | . 130 130 90 60 . 220 Shots Fired 237 | . 84 15 30 6 . 102 Gun 85 | . 42 . 4 3 . 36 Cannon 125 | . 40 6 22 3 . 54 Launcher 16 | . . . 4 . . 12 Special 11 | . 2 9 . . . . Kinetic 142 | . 61 6 15 6 . 54 Thermal 58 | . 2 9 11 . . 36 Explosive 16 | . . . 4 . . 12 Electromagnetic 21 | . 21 . . . . . Robot Hit Streak 15 | . 15 6 10 3 . 5 Robot Miss Streak 5 | . 5 4 3 1 . 5 Penetration Max . | . . . . . . . Secondary Targets 1 | . 1 . . . . . Max Gunslinging Chain 1 | . 1 . . . . . Shots Hit Robots 131 | . 54 4 19 4 . 50 Core Hits 94 | . 15 2 6 3 . 68 Critical Kills 1 | . . . . . . 1 Critical Parts Destroyed 1 | . . . . . . 1 Critical Strikes 5 | . 2 . . . . 3 Meltdown 1 | . . . . . . 1 Destroy 1 | . . . . . . 1 Blast 2 | . 1 . . . . 1 Corrupt 1 | . 1 . . . . . Melee Attacks 1 | . . . . . . 1 Impact . | . . . . . . . Slashing . | . . . . . . . Piercing 1 | . . . . . . 1 Sneak Attacks . | . . . . . . . Combat Hostiles . | . . . . . . . Follow-up Attacks . | . . . . . . . Damage Inflicted 6510 | . 847 124 470 78 . 4991 Guns 910 | . 420 . 60 59 . 371 Cannons 1493 | . 420 76 240 19 . 738 Explosions 4015 | . . . 170 . . 3845 Melee 37 | . . . . . . 37 Ramming 7 | . 7 . . . . . Kinetic 1598 | . 626 76 196 78 . 622 Thermal 1624 | . . 48 104 . . 1472 Explosive 3030 | . . . 170 . . 2860 Electromagnetic 214 | . 214 . . . . . Impact . | . . . . . . . Slashing . | . . . . . . . Piercing 37 | . . . . . . 37 Highest Corruption 19 | . . . . . . 19 Average Corruption 14 | . . . . . . 14 Corruption Purged . | . . . . . . . Corruption Blocked . | . . . . . . . Effects 5 | . . . . . . 5 Message Errors 1 | . . . . . . 1 Energy Discharges 1 | . . . . . . 1 Parts Rejected 1 | . . . . . . 1 Data Loss (major) 1 | . . . . . . 1 Misdirections 1 | . . . . . . 1 Overload Shots 4 | . . . . . . 4 Effects 2 | . . . . . . 2 Energy Bleed 1 | . . . . . . 1 Short Circuit 1 | . . . . . . 1 Overflow Damage 354 | . 5 4 22 . . 323 Projectiles 9 | . 5 4 . . . . Explosions 345 | . . . 22 . . 323 Melee . | . . . . . . . Knockbacks 12 | . 4 2 2 . . 4 Impact . | . . . . . . . Kinetic 10 | . 4 2 2 . . 2 Secondary 2 | . . . . . . 2 Self-Inflicted Damage 132 | . . . 11 . . 121 Shots 5 | . . . 1 . . 4 Rammed 1 | . 1 . . . . . Targets Rammed 1 | . 1 . . . . . Kicked . | . . . . . . . Crushed . | . . . . . . . Highest Temperature 345 | . 120 200 . 42 . 345 Average Temperature 72 | . 44 87 . 28 . 99 Received Heat Transfer 1791 | . 444 . 111 42 . 1194 Effects 1 | . . . . . . 1 Matter Decay 1 | . . . . . . 1 Siege Activations . | . . . . . . . Martial Activations . | . . . . . . . Shielding Activations . | . . . . . . . Robots Disrupted . | . . . . . . . Combat Hostiles . | . . . . . . . Robots Corrupted . | . . . . . . . Combat Hostiles . | . . . . . . . Parts Fried . | . . . . . . . Impact Corruptions . | . . . . . . . Robots Melted 1 | . . . . . . 1 Combat Hostiles 1 | . . . . . . 1 Parts Melted 5 | . . . . . . 5 Heat Transferred 1616 | . . 100 222 . . 1294 Parts Sabotaged . | . . . . . . . Parts Stolen . | . . . . . . . Parts Stripped . | . . . . . . . Power Chain Reactions . | . . . . . . . Alert | -11 -10 -10 -10 -7 -7 -5 ------- Run | Yrd Mat Min Sub Rec Scr Fac Maximum Alert Level 2 | . . . . . . 2 Low Security (%) 88 | 100 100 100 . 100 . 71 Level 1 . | . . . . . . . Level 2 11 | . . . . . . 28 Level 3 . | . . . . . . . Level 4 . | . . . . . . . Level 5 . | . . . . . . . High Security . | . . . . . . . Max Security . | . . . . . . . Peak Influence 664 | . 67 52 . 50 . 664 Initial 7 | . . 7 . . . . Average 75 | . 19 12 . 9 . 167 Influence Increases 1617 | . 273 67 126 81 . 1070 Destroy 0b10 Robot/C 720 | . 180 40 60 20 . 420 Destroy 0b10 Robot/NC 45 | . 5 . . . . 40 Destroy Leader 112 | . 42 10 . . . 60 Allied During Kill 6 | . . . 6 . . . Successful Hack 19 | . 14 . . . . 5 Select Force Hacks 60 | . . . . 60 . . Disable Machine 315 | . 30 . . . . 285 Destroy Structure 235 | . 2 2 . 1 . 230 Lose Combat Pursuer 105 | . . 15 60 . . 30 Influence Decreases 1008 | . 253 87 126 81 . 461 Entered New Map 13 | . . 13 . . . . Time Decay 695 | . 213 74 56 81 . 271 Lost Part 260 | . 40 . 30 . . 190 Lost Ally 40 | . . . 40 . . . Squads Dispatched 13 | . 2 . . . . 11 Investigation 6 | . 2 . . . . 4 Extermination 2 | . . . . . . 2 Reinforcement 2 | . . . . . . 2 Assault . | . . . . . . . Garrison 3 | . . . . . . 3 Intercept . | . . . . . . . Searches Triggered . | . . . . . . . Construction Impeded 1 | . . . . . . 1 Haulers Reinforced 1 | . . . . . . 1 Active Scanning Responses . | . . . . . . . Cargo Convoy Interrupts . | . . . . . . . Stealth | -11 -10 -10 -10 -7 -7 -5 --------- Run | Yrd Mat Min Sub Rec Scr Fac Distress Signals 4 | . 1 . . . . 3 Communications Jammed . | . . . . . . . Distress Signals . | . . . . . . . Times Spotted 84 | . 18 3 22 1 3 37 Peak Tracking Total 10 | . 4 3 6 1 3 10 Tactical Retreats 4 | . . 1 1 . . 2 Traps | -11 -10 -10 -10 -7 -7 -5 ------- Run | Yrd Mat Min Sub Rec Scr Fac Traps Triggered 2 | . 2 . . . . . Indirectly . | . . . . . . . Trap Hack Attempts . | . . . . . . . Triggered . | . . . . . . . Disarmed . | . . . . . . . Reprogrammed . | . . . . . . . Reused . | . . . . . . . Traps Extracted . | . . . . . . . Installed . | . . . . . . . Triggered . | . . . . . . . Machines | -11 -10 -10 -10 -7 -7 -5 ---------- Run | Yrd Mat Min Sub Rec Scr Fac Machines Disabled 22 | . 2 . 1 . . 19 Max in Single Turn 13 | . 1 . . . . 13 Machines Repaired . | . . . . . . . Machines Dismantled . | . . . . . . . Machines Sabotaged . | . . . . . . . Overloaded Fab Kills . | . . . . . . . Hacking | -11 -10 -10 -10 -7 -7 -5 --------- Run | Yrd Mat Min Sub Rec Scr Fac Machines Accessed 21 | . 4 . . 4 4 9 Terminals 7 | . 3 . . 1 . 3 Fabricators 1 | . . . . . . 1 Repair Stations . | . . . . . . . Recycling Units 9 | . 1 . . 3 . 5 Scanalyzers . | . . . . . . . Garrison Access . | . . . . . . . Total Hacks 70 | . 8 . . 10 29 23 Successful 44 | . 3 . . 3 29 9 Failed 26 | . 5 . . 7 . 14 Catastrophic 5 | . 1 . . 1 . 3 Database Lockouts . | . . . . . . . Manual 32 | . 8 . . 10 . 14 Terminals 22 | . 6 . . 3 . 13 Fabricators 1 | . . . . . . 1 Repair Stations . | . . . . . . . Recycling Units 18 | . 2 . . 7 . 9 Scanalyzers . | . . . . . . . Garrison Access . | . . . . . . . Terminal Hacks 32 | . . . . 1 29 2 Record 28 | . . . . . 28 . Part Schematic 1 | . . . . . . 1 Alert Level 2 | . . . . 1 . 1 Proto ID Catalog 1 | . . . . . 1 . Fabricator Hacks 1 | . . . . . . 1 Network Status 1 | . . . . . . 1 Repair Station Hacks . | . . . . . . . Recycling Unit Hacks . | . . . . . . . Scanalyzer . | . . . . . . . Garrison Access Hacks . | . . . . . . . Unauthorized Hacks 10 | . 2 . . 2 . 6 Terminals 4 | . 2 . . . . 2 Botnet 4 | . 2 . . . . 2 Fabricators . | . . . . . . . Repair Stations . | . . . . . . . Recycling Units 6 | . . . . 2 . 4 Tunnel 2 | . . . . 2 . . Fedlink 4 | . . . . . . 4 Scanalyzers . | . . . . . . . Garrison Access . | . . . . . . . Data Cores Recovered 2 | . . . . . . 2 Used 1 | . . . . . . 1 Hacking Detections 12 | . 4 . . 4 . 4 Full Trace Events . | . . . . . . . Feedback Events . | . . . . . . . Feedback Blocked . | . . . . . . . Robot Schematics Acquired . | . . . . . . . Robots Built . | . . . . . . . Authchips . | . . . . . . . Time . | . . . . . . . Total Robot Build Rating . | . . . . . . . Part Schematics Acquired 1 | . . . . . . 1 Parts Built . | . . . . . . . Authchips . | . . . . . . . Time . | . . . . . . . Total Part Build Rating . | . . . . . . . Parts Repaired . | . . . . . . . Time . | . . . . . . . Parts Recycled . | . . . . . . . Recycled Matter . | . . . . . . . Retrieved Matter . | . . . . . . . Retrieved Components . | . . . . . . . Parts Scanalyzed . | . . . . . . . Part Schematics Acquired . | . . . . . . . Parts Damaged . | . . . . . . . Bothacking | -11 -10 -10 -10 -7 -7 -5 ------------ Run | Yrd Mat Min Sub Rec Scr Fac Used RIF Installer . | . . . . . . . Robots Hacked . | . . . . . . . Non-combat . | . . . . . . . Combat . | . . . . . . . Robot Hacks Applied . | . . . . . . . Relay Couplers Released . | . . . . . . . Fabnet Peak Effective % . | . . . . . . . Robots Rewired . | . . . . . . . Allies Hacked . | . . . . . . . Hacks Repelled . | . . . . . . . Allies | -11 -10 -10 -10 -7 -7 -5 -------- Run | Yrd Mat Min Sub Rec Scr Fac Total Allies 3 | . . 3 . . . . Largest Group 3 | . . 3 3 . . . Highest-Rated Group 40 | . . 40 40 . . . Highest-Rated Ally 16 | . . 16 16 . . . Total Orders . | . . . . . . . Ally Attacks 16 | . . . 16 . . . Total Damage 163 | . . . 163 . . . Kills 1 | . . . 1 . . . Allies Corrupted . | . . . . . . . Allies Melted . | . . . . . . . Intel | -11 -10 -10 -10 -7 -7 -5 ------- Run | Yrd Mat Min Sub Rec Scr Fac Active Infowar (turns) 160 | . . . . . . 160 IFF 160 | . . . . . . 160 Robot Analysis Total . | . . . . . . . Derelict Logs Recovered 8 | . . 2 1 . 5 . Drone Launches . | . . . . . . . Drone Recoveries . | . . . . . . . Exploration | -11 -10 -10 -10 -7 -7 -5 ------------- Run | Yrd Mat Min Sub Rec Scr Fac Turns Passed 4424 | 86 682 354 399 349 1582 972 Spaces Moved 2802 | 51 335 263 259 242 1081 571 Core 55 | 7 . . . . . 48 Treads 470 | 44 335 91 . . . . Legs . | . . . . . . . Wheels 2277 | . . 172 259 242 1081 523 Hover . | . . . . . . . Flight . | . . . . . . . Fastest Speed 50 | 50 160 80 80 130 100 50 Average Speed 136 | 144 160 108 122 130 140 135 Slowest Speed 200 | 160 160 160 200 130 150 200 Overloaded Moves . | . . . . . . . Propulsion Burnouts . | . . . . . . . Robots Hopped . | . . . . . . . Potential Cave-ins . | . . . . . . . Cave-ins Triggered . | . . . . . . . Exploration Rate (%) 44 | 4 55 63 15 72 79 23 Regions Visited 6 Branch Regions 4 Pre-discovered Areas 11 | . . 2 . 2 6 1 Known Exits Taken 1 | . . . . . 1 . Unknown Exits Taken 5 | 1 1 1 1 1 . . Scrap Searched 5 | . . 3 . . 2 . Spaces Dug 7 | . 2 . . . . 5 Terrain Destroyed 142 | . 2 2 11 . . 127 Melee . | . . . . . . . Projectile 19 | . 2 2 . . . 15 AOE 123 | . . . 11 . . 112 Terrain Rammed . | . . . . . . . Walls Destroyed . | . . . . . . . Machines Disabled . | . . . . . . . Actions | -11 -10 -10 -10 -7 -7 -5 --------- Run | Yrd Mat Min Sub Rec Scr Fac Total 3161 | 61 391 297 309 270 1151 682 Wait 71 | . 3 20 . 20 19 9 Move 2796 | 50 334 262 258 241 1080 571 Hop . | . . . . . . . Pick Up 73 | 5 5 3 17 4 31 8 Fast Attach 34 | 5 3 . 6 1 . 19 Attach 18 | 1 2 1 4 . 2 8 Detach 2 | . . . . 1 1 . Swap 11 | . 1 1 4 . 2 3 Drop 35 | . . 1 5 . 16 13 Fire 119 | . 42 9 15 3 . 50 Melee 1 | . . . . . . 1 Ram . | . . . . . . . Kick . | . . . . . . . Crush 1 | . 1 . . . . . Escape Stasis . | . . . . . . . Rewire . | . . . . . . . Trap . | . . . . . . . Miscellaneous . | . . . . . . . Route ------- -11/Scrapyard -10/Materials (discovered 4 exits: [*Mat x2] / [*Min x2]) -10/Mines (discovered 3 exits: [*Mat] / [*Exi] / [*Sub]) -10/Subcaves -7/Recycling (discovered 2 exits: *Fac / *Scr) -7/Scraptown (discovered 2 exits: *Fac x2) -5/Factory (discovered 6 exits: Fac x4 / Upp x2) History --------- Turn | Location | Event 6 | -11/Scrapyard | Discovered new exit (range 16) 87 | -11/Scrapyard | Entered Materials 261 | -10/Materials | Lost 3 parts (1p2w) 272 | -10/Materials | Discovered new exit (range 15) 314 | -10/Materials | Build established: Mutant 484 | -10/Materials | Discovered new exit (range 10) 538 | -10/Materials | Discovered new exit (range 11) 571 | -10/Materials | Discovered new exit (range 16) 769 | -10/Materials | Entered Mines 789 | -10/Mines | Deemed a non-threat by the Exiles lab entrance 789 | -10/Mines | Discovered new exit (range 5) 819 | -10/Mines | Learned location of Zion (-6) 902 | -10/Mines | Discovered new exit (range 10) 903 | -10/Mines | Core integrity fell below 50% 992 | -10/Mines | Assisted by bots powering up and referring to "LRC-V3" 1008 | -10/Mines | Learned Materials garrison access intel 1010 | -10/Mines | Learned location of Storage (-7) 1098 | -10/Mines | Discovered new exit (range 3) 1123 | -10/Mines | Entered Subcaves 1123 | -10/Subcaves | Accompanied by 3 allies 1125 | -10/Subcaves | Ambushed by Subdwellers from Twisted Machinery 1145 | -10/Subcaves | Discovered new exit (range 16) 1287 | -10/Subcaves | Learned location of 1 exit from Materials 1339 | -10/Subcaves | Ambushed by swarm of Subdwellers 1394 | -10/Subcaves | Lost 4 parts (1p1n2w) 1522 | -10/Subcaves | Entered Recycling 1657 | -7/Recycling | Build established: Scavenger-Mutant 1788 | -7/Recycling | Core integrity fell below 20% 1806 | -7/Recycling | Discovered new exit (range 5) 1838 | -7/Recycling | Scanned before Scraplab entrance 1856 | -7/Recycling | Entered Scraplab 1868 | -7/Recycling | Discovered new exit (range 2) 1871 | -7/Recycling | Entered Scraptown 2049 | -7/Scraptown | Scanned Subdweller tech in exchange for log data 2052 | -7/Scraptown | Learned Factory terminal intel 2055 | -7/Scraptown | Learned location of Testing (-2) 2056 | -7/Scraptown | Learned Research trap positions 2058 | -7/Scraptown | Learned 8 Factory zone layouts 2107 | -7/Scraptown | Discovered new exit (range 13) 2154 | -7/Scraptown | Visited Cyclists 2194 | -7/Scraptown | Visited IN-MT5's Study 2390 | -7/Scraptown | Heard Great Nut preacher, LISTEN AND RECITE! 2423 | -7/Scraptown | Visited UFD Registry 2423 | -7/Scraptown | Registered with UFD as "Pyrotank" 2476 | -7/Scraptown | Visited LU-1G1's Boring Crew 2526 | -7/Scraptown | Visited Abandonware Association 2542 | -7/Scraptown | Learned abandonware demo "MELTYB.EXE" 2542 | -7/Scraptown | Learned abandonware demo "REBOOT5.EXE" 2572 | -7/Scraptown | Build established: Mutant 2574 | -7/Scraptown | Visited Junk Repository 2619 | -7/Scraptown | Visited Science Testing Area 2664 | -7/Scraptown | Delivered Scrap Shield to a Scientist 2769 | -7/Scraptown | Visited Derelict Rescue Squad 2779 | -7/Scraptown | Found DRS Beacon 2807 | -7/Scraptown | Visited Scrap Suit Storage 2814 | -7/Scraptown | Found Scrap Suit 2883 | -7/Scraptown | Visited Cartography Club 3048 | -7/Scraptown | Learned location of Extension (-4) 3048 | -7/Scraptown | Learned location of Armory (-4) 3048 | -7/Scraptown | Learned 8 Materials zone layouts 3048 | -7/Scraptown | Learned 12 Materials zone layouts 3048 | -7/Scraptown | Learned 8 Factory zone layouts 3048 | -7/Scraptown | Learned 24 Factory zone layouts 3048 | -7/Scraptown | Learned 4 Access zone layouts 3048 | -7/Scraptown | Learned 20 Upper Caves zone layouts 3048 | -7/Scraptown | Learned 4 Armory zone layouts 3048 | -7/Scraptown | Learned Storage emergency access door positions 3048 | -7/Scraptown | Learned location of 2 exits from Factory 3048 | -7/Scraptown | Learned location of 1 exit from Research 3048 | -7/Scraptown | Identified exit to Factory 3196 | -7/Scraptown | Found Scrap Suit 3221 | -7/Scraptown | Visited Science Guys 3269 | -7/Scraptown | Visited A0-MCA Data Center 3278 | -7/Scraptown | Given a B- rating by A0-MCA 3282 | -7/Scraptown | Found A0-MCA's Component Scanner 3360 | -7/Scraptown | Met Optimus 3360 | -7/Scraptown | Accepted into 0bPrime 3420 | -7/Scraptown | Civil war broke out across Scraptown 3453 | -7/Scraptown | Entered Factory 3453 | -5/Factory | Evolved 10 slots: Propulsion x2, Utility x7, Weapon x1 3454 | -5/Factory | Identified exit to Factory 3455 | -5/Factory | Identified exit to Upper Caves 3457 | -5/Factory | Loaded intel: 26 terminal locations 3464 | -5/Factory | Lost 4 allies 3848 | -5/Factory | Found Hvy. Reflective Plating 3963 | -5/Factory | Loaded intel: 8 recycling unit locations 4105 | -5/Factory | Learned location of Protoforge (-2) 4154 | -5/Factory | Garrison activated, responded to threat 4360 | -5/Factory | System corruption reached 10% 4380 | -5/Factory | Core integrity fell below 50% 4403 | -5/Factory | Core integrity fell below 20% 4425 | -5/Factory | Destroyed by H-66 Slayer with Gauss Rifle Last Messages --------------- 04405_ Acquired Arm. Huge Wheel. 04405_ Arm. Huge Wheel destroyed. 04406_ K-01 Serf collects debris. 04406_ Dropped Imp. Energy Well. 04407_ Acquired 12 matter. 04409_ K-01 Serf collects debris. 04411_ System corrupted: Substantial component data lost. 04415_ Slug penetrates Construction Platform. 04416_ K-01 Serf collects debris. 04417_ Construction Platform disabled. 04418_ Penetrated by Slug. 04420_ ALERT: Cargo convoy en route, clear transfer corridor. 04421_ K-01 Serf collects debris. 04421_ Slug penetrates Wall. 04422_ Penetrated by Slug. 04422_ Arm. Huge Wheel destroyed. 04422_ Penetrated by Slug. 04425_ Slug penetrates Wall. Map ----- +----------------------------------------------------+ | ????????????????????????????????????# ??? | | ????????????????????????????????????# ??? | | ????????????????????????????????????# ??? | | ??????????????????????????########??# ??? | | ??????????????????????????# #??###########??? | | ??????????????????????????# #???????????????? | | ??????????????????????????# """ #???????????????? | | ???????????????????????#### """ #???????????????? | | ??########?????????????# # """ #???????????????? | | ??# #?????????????# ## #?############??? | | ??# #?????????????# #####+##### ??? | | ??# #????????????######## ??? | | ??# #????????????"" # ??? | | ### #????????????"" # ??? | | ]# ##??????????? + ??? | | ]###! ####### # #######+#+######??? | | !![!!!| / ??? # ## #???? | | ]![ !] ##????????#+###### ## """ """ #???? | | ][& #????????# ##### # """ """ #???? | | ] #????????# h + """ """ #???? | | #????????# #???????????????????#"" | | % ! % ########## #???????????????????#"" | | = p^ #???????????????????#"Y | | # # #^ #???????????????????#"" | | #^ #???????????????????#"" | | * = ph^ @ +???????????????????### | | # ##### ##### #?????????????????????# | | + " "" #???# #???? #?????????????????????# | | # """" #####+##+#?????#?????????????????????# | | ! # """" # #?????????????????????????### | | # """" # #?????????????????????????# | | #### """" # #?????????????????????????# | | # """" # #?????????????????????????### | | # """" # #?????????????????????????### | | # # #????????????????????????? # | | # ! # #????????????????T???????? # | | # # #?????????????????????????" # | | !!!########## #?????????????????????????" # | | !!!#????#########+####?????????????????????????" # | | !!!#????# ????????????????????????? # | | #????# ?????????????????????????" # | | #????# """""" """?????????????????????????" # | | ##???# """""" """?????????????????????????" # | | #???# """""" """????????????????????????? # | | ##???# """""" """?????????????????????????" # | | #????# " # # ""??? | | #????# # # ""??? | | ######### + # ??? | | # # # #####??? | | # # # #??# ??? | +----------------------------------------------------+ Best States ------------- Heat Dissipation 59 Energy Generation 19 Energy Capacity 715 Matter Stores 300 Matter Capacity 300 Sight Range 16 Terrain Scan Density 10 Armor Coverage 750 Resistance: TH 25 Evasion (%) 50 Targeting Accuracy 6 Recoil Reduction 2 Offensive Hacking 20 Defensive Hacking 24 Authchip Count 4 Item Schematics ----------------- Quantum Rifle | -5/Factory | Hacked Robot Schematics ------------------ None Fabricated ------------ Nothing Repaired ---------- Nothing Alien Tech Used ----------------- None Achievements -------------- None Challenges ------------ None Game ------ Seed MatterReinforcedInverter Manual? 0 Play Time 01:00:02 Cumulative 193.5 hours Start 2025.05.12 @ 19:12:20 End 2025.05.12 @ 20:37:22 Sessions 3 Manual Loads 0 Difficulty Rogue Special Mode None Game No. 187 Rogue 187 Adventurer 0 Explorer 0 Win Type - Total 1 Types 1/0/0/0/0/0/0/0/0/0 Lore% 68 Gallery% 55 Achievement% 48 Wizard Run 0 Options --------- Layout 1 ASCII 0 Keyboard 0 Movement Mouse Keybinds 0 Fullscreen 1 Font 24/Smallcaps Map View 50x35 Zoom Use 0% Tactical HUD 1 Map Filters NONE Filters NONE Steam 1 RUN: 962d1210-4527-4431-afcc-c232648a1923